 Dungeon Crawl Stone Soup version 0.28.0-62-gf88900778d (webtiles) character file.

Game seed: 2907972678735348790

15230 cbfl8 the Cleaver (level 11, -3/95 HPs)
             Began as a Minotaur Fighter on June 27, 2023.
             Was a High Priest of the Shining One.
             Slain by a golden dragon simulacrum (39 damage)
             ... in an ice cave.
             The game lasted 00:19:41 (14540 turns).

cbfl8 the Cleaver (Minotaur Fighter)               Turns: 14540, Time: 00:19:42

Health: -3/95      AC: 18    Str: 27    XL:     11   Next: 99%
Magic:  12/12      EV: 11    Int:  5    God:    the Shining One [*****.]
Gold:   639        SH: 13    Dex: 20    Spells: 10/10 levels left

rFire   . . .      SeeInvis .   a - +2 war axe (vorpal)
rCold   . . .      Faith    .   e - +1 kite shield
rNeg    + + .      Spirit   .   H - +7 scale mail "Qate" {Regen+}
rPois   .          Reflect  .   (helmet restricted)
rElec   .          Harm     .   x - +0 cloak
rCorr   .          Rampage  .   (no gloves)
Will    .....                   o - +0 pair of boots
Stlth   +.........              (no amulet)
HPRegen 1.85/turn               t - +6 ring of dexterity
MPRegen 0.13/turn               y - +6 ring of strength

@: slowed, glowing, very slow
A: horns 2, retaliatory headbutt, talons 1, mutation resistance 1, regeneration
1, noise suppression
a: Renounce Religion, Divine Shield, Cleansing Flame, Summon Divine Warrior


You were in an ice cave.
You worshipped the Shining One.
The Shining One was extremely pleased with you.
You visited 2 branches of the dungeon, and saw 15 of its levels.
You also visited: Ice Cave.

You collected 926 gold pieces.
You spent 287 gold pieces at shops.

Inventory:

Hand Weapons
 a - a +2 vorpal war axe (weapon)
Missiles
 w - 6 throwing nets
Armour
 e - a +1 kite shield (worn)
 m - a +0 pair of boots
 o - a +0 pair of boots (worn)
 x - a +0 cloak (worn)
 H - the +7 scale mail "Qate" (worn) {Regen+}
   (You found it on level 9 of the Dungeon)

   Regen:     It increases your rate of health regeneration.
Jewellery
 t - a +6 ring of dexterity (left hand)
 y - a +6 ring of strength (right hand)
 E - a ring of ice
Wands
 c - a wand of digging (6)
 p - a wand of flame (22)
Scrolls
 d - 2 scrolls of immolation
 i - a scroll of blinking
 j - a scroll of silence
 q - a scroll of fog
 s - a scroll of teleportation
 A - a scroll of noise
 B - a scroll of fear
Potions
 b - 2 potions of invisibility
 f - a potion of curing
 g - 2 potions of lignification
 h - a potion of mutation
 k - a potion of heal wounds {unknown}
 l - 3 potions of cancellation
 n - a potion of magic {unknown}
 r - a potion of haste {unknown}
 u - a potion of ambrosia {unknown}
 v - a potion of attraction
 z - a potion of brilliance {unknown}
 F - a potion of resistance


   Skills:
 + Level 8.9 Fighting
 + Level 13.8 Axes
 + Level 10.2 Armour
 + Level 3.6 Dodging
 + Level 2.0 Stealth
 + Level 7.6 Shields
 * Level 3.0 Invocations
 * Level 8.4 Evocations


You had 10 spell levels left.
You didn't know any spells.
Your spell library contained the following spells:

 Spells                   Type           Power      Damage    Failure   Level
 Animate Skeleton         Necr           0%         N/A       95%         1
 Slow                     Hex            0%         N/A       95%         1
 Ensorcelled Hibernation  Hex/Ice        0%         N/A       98%         2
 Passwall                 Tmut/Erth      0%         N/A       98%         2
 Static Discharge         Conj/Air       0%         N/A       98%         2
 Confusing Touch          Hex            0%         N/A       100%        3
 Swiftness                Air            0%         N/A       100%        3
 Vampiric Draining        Necr           0%         2d6       100%        3
 Dispel Undead            Necr           0%         3d6       100%        4
 Sticky Flame             Conj/Fire      0%         2d3       100%        4
 Summon Ice Beast         Ice/Summ       0%         N/A       100%        4
 Summon Mana Viper        Hex/Summ       0%         N/A       100%        5
 Monstrous Menagerie      Summ           0%         N/A       100%        7


Dungeon Overview and Level Annotations

Branches:
Dungeon (15/15)            Temple (1/1) D:4            Lair (0/6) D:8
    Orc (0/2) D:11          IceCv (1/1)
 Vaults: D:13-14     Depths: D:15

Altars:
Ashenzari
Cheibriados
Dithmenos
Elyvilon
Fedhas
Gozag
Hepliaklqana
Kikubaaqudgha
Makhleb
Nemelex Xobeh
Okawaru
Qazlal
Ru
Sif Muna
Trog
Uskayaw
Vehumet
Wu Jian
Xom
Yredelemnul
Zin
The Shining One

Shops:
D:6 (   D:7 *:?(   D:11 [

Annotations:
D:4 4 runed translucent doors
D:5 exclusion: oklob plant


Innate Abilities, Weirdness & Mutations

You have a pair of horns on your head.
You reflexively headbutt those who attack you in melee.
You have sharp toenails.
You are somewhat resistant to further mutation.
Your natural rate of healing is unusually fast.
You passively dampen the noise of your surroundings.


Message History

You barely miss the freezing wraith.
You headbutt the freezing wraith, but do no damage.
The freezing wraith is lightly damaged.
You slash the golden dragon simulacrum! The freezing wraith barely misses you.
The freezing wraith hits you! The freezing wraith drains your vigour!
You feel yourself slow down.
Unknown command.
You slash the golden dragon simulacrum!
You headbutt the golden dragon simulacrum.
The golden dragon simulacrum is heavily damaged.
You hit the freezing wraith. The freezing wraith barely misses you.
You furiously retaliate!
You headbutt the freezing wraith! You block the freezing wraith's attack.
The golden dragon simulacrum bites you but does no damage.
The golden dragon simulacrum barely misses you. x2
The freezing wraith closely misses you. The freezing wraith barely misses you.
The golden dragon simulacrum barely misses you.
You furiously retaliate!
You headbutt the golden dragon simulacrum, but do no damage.
You block the golden dragon simulacrum's attack. x2
You hit the golden dragon simulacrum.
The golden dragon simulacrum is severely damaged.
You completely miss the freezing wraith.
You block the freezing wraith's attack.
The freezing wraith hits you but does no damage.
The golden dragon simulacrum bites you!
The golden dragon simulacrum freezes you!!!
The golden dragon simulacrum claws you but does no damage.
The golden dragon simulacrum tramples you but does no damage.
You are too injured to fight recklessly!
Unknown command.
You are too injured to fight recklessly!
You are too injured to fight recklessly!
You hit the freezing wraith but do no damage.
You headbutt the freezing wraith!
The freezing wraith is severely damaged.
You slash the golden dragon simulacrum!
You block the freezing wraith's attack. x2
The golden dragon simulacrum bites you!
The golden dragon simulacrum freezes you!!!
You die...

### #######
?(.. ##.....#
..... ##......#
......#..Z....#
.........W@.∩.#
......#.......#
..... ##......#
?(.. ##.....#
### #######


You could see a freezing wraith and a golden dragon simulacrum.

Vanquished Creatures
  Snorg (D:10)
  An ice dragon (D:14)
  A boulder beetle (D:11)
  Harold (D:8)
  A deep elf pyromancer (D:14)
  4 cyclopes
  3 gargoyles
  An unseen horror (D:10)
  3 trolls
  An anaconda simulacrum (IceCv)
  A hornet (D:9)
  A centaur simulacrum (D:14)
  2 wyverns (D:9)
  3 wraiths
  2 shadows (D:9)
  2 dire elephant simulacra (IceCv)
  11 yaks
  A steam dragon (D:7)
  An acid dragon (D:10)
  A harpy simulacrum (IceCv)
  A hydra simulacrum (IceCv)
  A water moccasin (D:7)
  7 orc warriors
  An alligator simulacrum (IceCv)
  An ettin simulacrum (IceCv)
  An ice beast (D:8)
  A necrophage (D:5)
  2 ogres
  3 centaurs
  2 phantoms
  5 bullfrogs
  A gnoll sergeant (D:9)
  3 scorpions
  A wyvern skeleton (D:7)
  A water moccasin skeleton (D:6)
  13 wights
  A lindwurm simulacrum (IceCv)
  6 howler monkeys (D:11)
  7 electric eels (D:7)
  2 centaur zombies
  2 bullfrog zombies
  2 jellies (D:4)
  4 hounds
  3 gnoll shamans
  7 orc priests
  A bullfrog skeleton (D:6)
  An iguana (D:5)
  19 orc wizards
  3 killer bee zombies (D:7)
  3 hound skeletons
  2 howler monkey zombies
  14 gnolls
  9 adders
  A shadow imp (D:6)
  3 white imps
  5 ufetubi
  An adder skeleton (D:4)
  3 worms
  3 dart slugs
  36 orcs
  9 ball pythons
  8 endoplasms
  4 giant cockroaches
  9 hobgoblins
  6 jackals (D:3)
  9 quokkas
  A bat (D:2)
  5 frilled lizards
  10 goblins
  11 kobolds
  3 rats
299 creatures vanquished.

Vanquished Creatures (others)
  A white imp (D:7)
  40 fungi
  59 plants
  19 toadstools (D:5)
119 creatures vanquished.

Grand Total: 418 creatures vanquished

Notes
Turn   | Place    | Note
-------+----------+-------------------------------------------
     0 | D:1      | cbfl8 the Minotaur Fighter began the quest for the Orb.
     0 | D:1      | Reached XP level 1. HP: 19/19 MP: 0/0
   187 | D:1      | Reached XP level 2. HP: 22/27 MP: 1/1
   628 | D:1      | Found a faded altar of an unknown god.
   752 | D:1      | Reached skill level 1 in Evocations
   752 | D:1      | Reached XP level 3. HP: 33/33 MP: 2/2
  1546 | D:2      | Reached skill level 3 in Axes
  2186 | D:2      | Reached XP level 4. HP: 40/40 MP: 3/3
  3103 | D:3      | Reached skill level 4 in Axes
  3117 | D:3      | Reached XP level 5. HP: 39/46 MP: 4/4
  3471 | D:3      | Found a sparkling altar of Nemelex Xobeh.
  3472 | D:3      | Found a shadowy altar of Dithmenos.
  3806 | D:4      | Found a staircase to the Ecumenical Temple.
  3830 | Temple   | Entered the Ecumenical Temple
  3894 | Temple   | Became a worshipper of the Shining One
  3981 | D:4      | Reached XP level 6. HP: 53/53 MP: 5/5
  4006 | D:4      | Reached skill level 5 in Axes
  4175 | D:4      | Found a large runed translucent door.
  4175 | D:4      | Found a large runed translucent door.
  4190 | D:4      | Noticed a wyvern
  4251 | D:4      | Reached skill level 5 in Fighting
  4251 | D:4      | Reached skill level 6 in Axes
  4334 | D:4      | Found a large runed translucent door.
  4352 | D:4      | Found a large runed translucent door.
  4385 | D:4      | Reached XP level 7. HP: 60/61 MP: 6/6
  4400 | D:4      | Reached skill level 5 in Armour
  4462 | D:4      | Reached * piety under the Shining One
  4794 | D:5      | Entered Level 5 of the Dungeon
  4811 | D:5      | Reached skill level 1 in Dodging
  4886 | D:5      | Found a broken altar of Ashenzari.
  5012 | D:5      | Reached skill level 7 in Axes
  5318 | D:5      | Found a radiant altar of Vehumet.
  5326 | D:5      | Found an ancient bone altar of Kikubaaqudgha.
  5339 | D:5      | Reached XP level 8. HP: 53/69 MP: 7/7
  5347 | D:5      | Got Kikubaaqudgha's Almanac of Necromancy
  5418 | D:5      | Found a shimmering blue altar of Sif Muna.
  5600 | D:5      | Found a blossoming altar of Fedhas.
  5686 | D:5      | Noticed an oklob plant
  5770 | D:5      | Identified the +4 short sword "Jacajeb" {freeze, rElec rC-
                  | rN++ Int+3}
  5786 | D:5      | Found a sacrificial altar of Ru.
  6249 | D:6      | Reached ** piety under the Shining One
  6323 | D:6      | Reached skill level 8 in Axes
  6742 | D:6      | Found Esuadwoa's Antique Weapon Shop.
  6863 | D:6      | Found a glowing silver altar of Zin.
  7136 | D:7      | Reached skill level 5 in Shields
  7275 | D:7      | Reached skill level 9 in Axes
  7488 | D:7      | Found Osibacza's Magic Scroll Shop.
  7490 | D:7      | Found Sexet's Weapon Boutique.
  7490 | D:7      | Found Buaqaof's Assorted Antiques.
  7492 | D:7      | Found Zaucet's Book Emporium.
  7496 | D:7      | Bought a scroll of teleportation for 42 gold pieces
  7496 | D:7      | Bought a scroll of blinking for 105 gold pieces
  7496 | D:7      | Bought a scroll of identify for 28 gold pieces
  7496 | D:7      | Bought a scroll of identify for 28 gold pieces
  7496 | D:7      | Bought 2 scrolls of identify for 56 gold pieces
  7496 | D:7      | Bought a scroll of identify for 28 gold pieces
  7564 | D:7      | Reached *** piety under the Shining One
  8085 | D:7      | Reached XP level 9. HP: 65/75 MP: 8/8
  8313 | D:7      | Noticed a troll
  8324 | D:7      | Killed a troll
  8717 | D:7      | Reached skill level 5 in Evocations
 10108 | D:8      | Reached skill level 10 in Axes
 10486 | D:8      | Reached skill level 1 in Stealth
 10540 | D:8      | Noticed a gargoyle
 10544 | D:8      | Killed a gargoyle
 10613 | D:8      | Noticed Harold
 10624 | D:8      | Killed Harold
 10625 | D:8      | Reached XP level 10. HP: 42/86 MP: 9/9
 10874 | D:8      | Found a staircase to the Lair.
 11002 | D:8      | Reached skill level 11 in Axes
 11545 | D:9      | Reached **** piety under the Shining One
 12082 | D:9      | Identified the +7 scale mail "Qate" {Regen+}
 12145 | D:9      | Reached ***** piety under the Shining One
 12451 | D:9      | Reached skill level 12 in Axes
 12619 | D:10     | Entered Level 10 of the Dungeon
 12826 | D:10     | Reached XP level 11. HP: 88/92 MP: 10/10
 12972 | D:10     | Noticed Snorg
 13423 | D:10     | Killed Snorg
 13424 | D:10     | Reached skill level 10 in Armour
 13586 | D:11     | Noticed a skeletal warrior
 13587 | D:11     | Noticed a skeletal warrior
 13727 | D:11     | Found Hadelint's Antique Armour Shoppe.
 13734 | D:11     | Reached skill level 1 in Invocations
 13769 | D:11     | Reached skill level 13 in Axes
 13891 | D:11     | Noticed a boulder beetle
 13906 | D:11     | Killed a boulder beetle
 14146 | D:11     | Found a staircase to the Orcish Mines.
 14166 | D:11     | Noticed a skeletal warrior
 14235 | D:12     | You fall into a shaft and drop 3 floors!
 14235 | D:15     | Entered Level 15 of the Dungeon
 14270 | D:14     | Noticed a deep elf pyromancer
 14278 | D:14     | Noticed a red ugly thing
 14278 | D:14     | Noticed a red ugly thing
 14278 | D:14     | Noticed a red ugly thing
 14278 | D:14     | Noticed a red ugly thing
 14279 | D:14     | Noticed a red ugly thing
 14283 | D:14     | Noticed a cyan ugly thing
 14283 | D:14     | Noticed a cyan ugly thing
 14283 | D:14     | Noticed a cyan ugly thing
 14283 | D:14     | Noticed a purple ugly thing
 14283 | D:14     | Noticed a purple ugly thing
 14283 | D:14     | Noticed a purple ugly thing
 14283 | D:14     | Noticed a purple ugly thing
 14283 | D:14     | Noticed a purple ugly thing
 14283 | D:14     | Noticed a purple ugly thing
 14334 | D:14     | Noticed an ice dragon
 14335 | D:14     | Found a frozen archway.
 14349 | D:14     | Gained mutation: Your natural rate of healing is unusually
                  | fast. [potion of mutation]
 14349 | D:14     | Gained mutation: You passively dampen the noise of your
                  | surroundings. [potion of mutation]
 14349 | D:14     | Gained mutation: You have sharp toenails. [potion of
                  | mutation]
 14349 | D:14     | Gained mutation: You are somewhat resistant to further
                  | mutation. [potion of mutation]
 14357 | D:14     | Noticed a deep elf pyromancer
 14362 | D:14     | Killed a deep elf pyromancer
 14365 | D:14     | Killed an ice dragon
 14376 | IceCv    | Entered an ice cave
 14540 | IceCv    | Slain by a golden dragon simulacrum

Illustrated notes

Levels and vault maps discovered:
D:1:      psy_arrival_radial01, layout_loops_ring,
          hellmonk_ecumenical_altar_heavens_door
D:2:      layout_basic
D:3:      minmay_chambers_of_twos, layout_basic, gammafunk_temple_overflow_pools
D:4:      minmay_evil_eye, layout_rooms, minmay_temple_entry_ruins,
          minmay_hollow_rounded_squares
D:5:      layout_loops_ring, palyth_temple_overflow_mages,
          nicolae_ru_path_of_blood, tgw_fedhas, ashenzari_conservatory_becter
D:6:      layout_basic, zin_academy, serial_shops, nicolae_shop_behind_doors
D:7:      cheibrodos_two_vegetables, layout_loops_cross,
          nicolae_wooded_promenade, chequers_serial_rivers_large_b,
          kennysheep_generic_room_12
D:8:      layout_basic, grunt_lair_entry_orc_guard_hut, uniq_harold
D:9:      layout_basic, st_stairs_3
D:10:     layout_irregular_city, uniq_snorg
D:11:     layout_roguey, orc_0_dummy, serial_shops, shop
D:12:     layout_stronghold, gammafunk_ghost_abyssal_escape,
          minmay_diamond_spiral
D:14:     layout_rooms, david_vaults_2, nicolae_concentric_dashed_squares_mild,
          portal_ice_cave_entry_dragon
D:15:     grunt_enter_depths_magical_seal, layout_cave_pods, minivault_19,
          minmay_ruined_shrine
Temple:   dshaligram_water_room_temple
IceCv:    ice_cave_statue_garden_chambered

Skill      XL: |  1  2  3  4  5  6  7  8  9 10 11 |
---------------+----------------------------------+-----
Armour         | 4 5 6 8 9 10 | 10.2
Fighting       | 4 5 6 7 8 |  8.9
Evocations     | 1 2 3 4 6 7 8 |  8.4
Axes           | 3 4 6 7 9 10 12 13 | 13.8
Shields        | 4 5 6 7 |  7.6
Dodging        | 1 2 3 |  3.6
Stealth        | 1 2 |  2.0
Invocations    | 3 |  3.0

Action                   |  1- 3 |  4- 6 |  7- 9 | 10-12 || total
-------------------------+-------+-------+-------+-------++-------
Melee: War axe           |   116 |   131 |   253 |   243 ||   743
       Headbutt          |    16 |    20 |    62 |    80 ||   178
Evoke: Wand              |       |       |    16 |     7 ||    23
  Use: Scroll            |     1 |     4 |    12 |    11 ||    28
       Potion            |       |       |     1 |     6 ||     7
Armor: Chain mail        |    78 |    81 |   151 |    12 ||   322
       Scale mail        |     1 |       |       |    77 ||    78
       Plate armour      |       |       |       |     9 ||     9
Dodge: Dodged            |    35 |    35 |    94 |    77 ||   241
Block: Buckler           |    26 |    35 |   106 |    12 ||   179
       Kite shield       |       |       |       |    92 ||    92
